 Dungeon Crawl Stone Soup version 0.16.0-12-g7215832 (webtiles) character file.

186 Tolias the Stinger (level 5, 0/28 HPs)
             Began as a Tengu Venom Mage on Mar 18, 2015.
             Slain by a hobgoblin
             ... wielding a +0 club
             ... led by Robin
              (5 damage)
             ... on level 2 of the Dungeon.
             The game lasted 00:04:03 (2068 turns).

Tolias the Stinger (Tengu Venom Mage)               Turns: 2068, Time: 00:04:03

Health: 0/28       AC:  3    Str:  9    XL:     5   Next: 65%
Magic:  9/13       EV: 12    Int: 16    God:
Gold:   166        SH:  0    Dex: 14    Spells: 3 memorised, 4 levels left

rFire  . . .     SeeInvis .     a - +0 long sword
rCold  . . .     Clarity  .     h - +0 leather armour (curse)
rNeg   . . .     SustAb   .     (no shield)
rPois  .         Gourm    .     (helmet restricted)
rElec  .         Spirit   .     (no cloak)
rCorr  .         Warding  .     (no gloves)
rMut   .         Stasis   .     (boots unavailable)
MR     .....                    (no amulet)
Stlth  ++........               (no ring)
                                (no ring)

@: not resistant to hostile enchantments, unstealthy
A: able to fly, beak, talons 3
a: Fly


You were on level 2 of the Dungeon.
You were not hungry.

You visited 1 branch of the dungeon, and saw 3 of its levels.

You collected 166 gold pieces.

Inventory:

Hand weapons
 a - a +0 long sword (weapon)
Armour
 h - a cursed +0 leather armour (worn)
 k - a +0 robe
Scrolls
 e - a scroll of enchant weapon {unknown}
 g - 3 scrolls of remove curse {unknown}
 l - a scroll of fear {unknown}
 m - 4 scrolls of identify {unknown}
 p - a scroll of noise {unknown}
 q - a scroll of amnesia {unknown}
Potions
 n - a potion of might {unknown}
 o - a potion of curing {unknown}
Books
 b - a Young Poisoner's Handbook

   Spells                             Type                      Level
   a - Sting                          Conjuration/Poison           1
   b - Cure Poison                    Poison                       2
   c - Mephitic Cloud                 Conjuration/Poison/Air       3
   d - Olgreb's Toxic Radiance        Poison                       4
   e - Venom Bolt                     Conjuration/Poison           5
Comestibles
 c - 3 bread rations
 f - 4 meat rations
 i - a slice of pizza
 j - a royal jelly
 r - a chunk of flesh {@w1}


   Skills:
 - Level 2.1 Dodging
 - Level 2.0 Stealth
 + Level 3.1 Spellcasting
 + Level 3.9 Conjurations
 + Level 1.5 Air Magic
 + Level 5.0 Poison Magic


You had 4 spell levels left.
You knew the following spells:

 Your Spells              Type           Power        Failure   Level  Hunger
e - Sting                 Conj/Pois      ###.         4%          1    None
m - Cure Poison           Pois           ###.......   6%          2    ##.....
w - Mephitic Cloud        Conj/Pois/Air  ##......     21%         3    ###....


Dungeon Overview and Level Annotations

Branches:
Dungeon (3/15)

Altars:

Annotations:
D:3 Robin


Innate Abilities, Weirdness & Mutations

You can fly.
You have a beak for a mouth.
You have claws for feet.


Message History

The scorpion poisons you!
The hobgoblin moves out of view.
You feel sick. 2 goblins come into view.
You feel sick.
You kill the scorpion!
Your Air Magic skill increases to level 1!
Your Poison Magic skill increases to level 5!
The hobgoblin hits you but does no damage.
You feel sick.
Casting: Sting
Confirm with . or Enter, or press ? or * to list all spells.
You are no longer poisoned.
The hobgoblin hits you with a club.
There is a stone staircase leading up here.
The hobgoblin hits you with a club!
* * * LOW HITPOINT WARNING * * *
You climb upwards.
There is a stone staircase leading down here.
The hobgoblin hits you with a club.
You die...

##...)................#
##.....#.####........#.#
....†.<#..>........###.#
#####
##.....########.#.####.#
#...# ##..>##
##........###...### #.###
###..###.##.#.......# #.#
#....# #.##.........# #.#
#.#..###.##.#.......# #.#
######.##.@>.....#.....###
#.# #..w...##.#g##.###.#...#
#.###.#######.#........###.#
#.....# #.####.###.###.####
#####.# #.# #.# #.........
#######.# #.#
##.#####.###### ........#
#.###...####.######
#######.#
#...........>...... #.#
#####...####.######


You could see a hobgoblin (frenzied).

Vanquished Creatures
  A scorpion (D:3)
  A crimson imp (D:3)
  3 adders (D:2)
  3 worms (D:2)
  An ooze (D:2)
  9 bats
  8 hobgoblins
  7 jackals (D:1)
  A ball python (D:2)
  4 giant cockroaches
  2 giant newts (D:2)
  11 goblins
  5 kobolds
  3 rats
59 creatures vanquished.

Notes
Turn   | Place    | Note
--------------------------------------------------------------
     0 | D:1      | Tolias, the Tengu Venom Mage, began the quest for the Orb.
     0 | D:1      | Reached XP level 1. HP: 10/10 MP: 3/3
    60 | D:1      | Reached skill level 1 in Conjurations
   108 | D:1      | Reached XP level 2. HP: 7/15 MP: 0/5
   469 | D:1      | Reached XP level 3. HP: 13/19 MP: 5/7
   880 | D:2      | Learned a level 2 spell: Cure Poison
   943 | D:2      | Reached XP level 4. HP: 16/24 MP: 0/9
  1825 | D:2      | Learned a level 3 spell: Mephitic Cloud
  2042 | D:3      | Reached XP level 5. HP: 28/28 MP: 10/13
  2054 | D:3      | Noticed Robin
  2058 | D:3      | Reached skill level 1 in Air Magic
  2058 | D:3      | Reached skill level 5 in Poison Magic
  2068 | D:2      | Slain by a hobgoblin

Action                   |  1- 3 |  4- 6 || total
-------------------------+-------+-------++-------
Melee: Club              |    20 |    15 ||    35
       Unarmed           |     1 |       ||     1
       Long sword        |       |     2 ||     2
 Cast: Sting             |    61 |    48 ||   109
       Cure Poison       |       |     1 ||     1
  Eat: Chunk             |     1 |     4 ||     5
